 Dungeon Crawl Stone Soup version 0.21.1-1-g345015fe64 (webtiles) character file.

86 Ivernyr the Charmwright (level 4, 15/34 HPs)
             Began as a Demonspawn Skald on Apr 25, 2018.
             Quit the game on level 2 of the Dungeon.
             The game lasted 00:04:14 (1391 turns).

Ivernyr the Charmwright (Demonspawn Skald)          Turns: 1391, Time: 00:04:15

Health: 15/34      AC:  5    Str: 12    XL:     4   Next: 26%
Magic:  4/7        EV: 12    Int: 14    God:
Gold:   100        SH:  0    Dex: 13    Spells: 2/7 levels left

rFire    . . .     SeeInvis .   a - +0 falchion
rCold    . . .     Gourm    .   (no shield)
rNeg     . . .     Faith    .   b - +0 leather armour
rPois    .         Spirit   +   (no helmet)
rElec    .         Reflect  .   (no cloak)
rCorr    .         Harm     .   (no gloves)
MR       .....                  (no boots)
Stlth    +.........             (no amulet)
HPRegen  0.11/turn              (no ring)
MPRegen  0.10/turn              (no ring)

@: no status effects
A: claws 1, yellow scales 1, magic shield
a: no special abilities


You were on level 2 of the Dungeon.
You were near starving.

You visited 1 branch of the dungeon, and saw 2 of its levels.

You collected 100 gold pieces.

Inventory:

Hand Weapons
 a - a +0 falchion (weapon)
Armour
 b - a +0 leather armour (worn)
Wands
 f - a wand of clouds (5)
Scrolls
 g - a scroll of enchant weapon {unknown}
 h - a scroll of teleportation {unknown}
 i - 2 scrolls of identify {unknown}
Potions
 e - a potion of heal wounds {unknown}
Books
 c - a book of Battle

   Spells                             Type                      Level
   a - Infusion                       Charms                       1
   b - Shroud of Golubria             Charms/Translocation         2
   c - Song of Slaying                Charms                       2
   d - Spectral Weapon                Hexes/Charms                 3
   e - Regeneration                   Charms/Necromancy            3
Comestibles
 d - 4 rations


   Skills:
 + Level 2.7 Fighting
 + Level 2.3 Long Blades
 * Level 2.4 Armour
 - Level 1.7 Dodging
 - Level 2.0 Spellcasting
 + Level 3.1 Charms


You had 2 spell levels left.
You knew the following spells:

 Your Spells              Type           Power        Failure   Level  Hunger
a - Shroud of Golubria    Chrm/Tloc      #.........   24%         2    ###....
b - Song of Slaying       Chrm           ##......     12%         2    ###....
c - Infusion              Chrm           ##..         9%          1    ##.....


Dungeon Overview and Level Annotations

Branches:
Dungeon (2/15)

Altars:


Innate Abilities, Weirdness & Mutations

You have sharp fingernails.
You are partially covered in yellow scales. (AC +2)
When hurt, damage is shared between your health and your magic reserves.


Message History

The bullfrog is almost dead.
The bullfrog barely misses you.
You riposte.
You barely miss the bullfrog.
The bullfrog is almost dead.
You closely miss the bullfrog.
The bullfrog is almost dead.
The bullfrog misses you.
You hit the bullfrog.
You kill the bullfrog!
Your Armour skill increases to level 2!
Your Charms skill increases to level 3!
You have reached level 3!
Your experience leads to an increase in your attributes!
Increase (S)trength, (I)ntelligence, or (D)exterity?
You feel agile.
Your demonic ancestry asserts itself...
Your fingernails lengthen.
You have reached level 4!
You feel stronger.
Your demonic ancestry asserts itself...
You feel your magical essence form a protective shroud around your flesh.
Quiver which item? (- for none, * to show all) (? for menu, Esc to quit)
Okay, then.
Are you sure you want to abandon this character and quit the game? (Confirm with "yes".)

##### ######...#
#......#.# #
#.####...##.#####
######.##.....@.......
#......##.##.#.....###
#.####.##. #.##...#...
#.###...# #.# #..# #
#.##....# #..
.....#........#
#.##....#
#####..###........#
#.##.#.##
.....###........#
#.##.#.#
##..............#
#......#
##...<.##.......#


There were no monsters in sight!

Vanquished Creatures
  A bullfrog (D:2)
  A leopard gecko (D:1)
  3 bats (D:1)
  A giant cockroach (D:2)
  5 hobgoblins
  2 frilled lizards (D:1)
  2 goblins (D:1)
  3 kobolds (D:1)
  3 rats
21 creatures vanquished.

Notes
Turn   | Place    | Note
-------+----------+-------------------------------------------
     0 | D:1      | Ivernyr the Demonspawn Skald began the quest for the Orb.
     0 | D:1      | Reached XP level 1. HP: 16/16 MP: 3/3
   162 | D:1      | Reached skill level 1 in Armour
   471 | D:1      | Gained mutation: You are partially covered in yellow scales. (AC +2) [demonic ancestry]
   471 | D:1      | Reached XP level 2. HP: 22/22 MP: 5/5
   716 | D:1      | Learned a level 2 spell: Song of Slaying
   719 | D:1      | Learned a level 2 spell: Shroud of Golubria
  1370 | D:2      | Noticed a bullfrog
  1390 | D:2      | Killed a bullfrog
  1390 | D:2      | Reached skill level 3 in Charms
  1390 | D:2      | Gained mutation: You have sharp fingernails. [demonic ancestry]
  1390 | D:2      | Reached XP level 3. HP: 13/28 MP: 4/6
  1390 | D:2      | Gained mutation: When hurt, damage is shared between your health and your magic reserves. [demonic ancestry]
  1390 | D:2      | Reached XP level 4. HP: 15/34 MP: 4/7
  1391 | D:2      | Quit the game

Skill      XL: |  1  2 |
---------------+-------+-----
Armour         | 1 2 |  2.4
Long Blades    | 2 |  2.3
Charms         | 3 |  3.1
Fighting       | |  2.7
Dodging        | |  1.7
Spellcasting   | |  2.0

Action                   |  1- 3 |  4- 6 || total
-------------------------+-------+-------++-------
Melee: Falchion          |    79 |       ||    79
 Cast: Shroud of Golubri |     1 |       ||     1
Armor: Leather armour    |    30 |       ||    30
Dodge: Dodged            |    60 |       ||    60
       Rpst.: Falchion   |    20 |       ||    20
